Map: Corrosion EC

Players

alaise - Winner!

  • Race: Zerg Zerg
  • League: Diamond
  • Spawn Location: 5:00

HoldTheDoor

  • Race: Protoss Protoss
  • League: Diamond
  • Spawn Location: 11:00

VOD

Have the link to the VOD?

Description

Time

  • Played on: July 2, 2018, 10:50 a.m.
  • Length: 8:11
Show
View Real Time Build Order
Export as new Build Order

alaise Zerg - Winner!

Build Orders: Pool First 

Get SALT Encoding   

  12  0:01  Drone  
  13  0:12  Overlord  
  13  0:18  Drone  
  14  0:30  Drone x2  
  16  0:39  Drone  
  17  0:46  Spawning Pool  
  17  0:48  Drone  
  17  1:09  Hatchery  
  16  1:13  Drone  
  16  1:17  Drone  
  18  1:20  Extractor  
  18  1:24  Drone  
  18  1:32  Queen  
  18  1:35  Zergling x2  
  18  1:39  Zergling x2  
  22  1:49  Overlord  
  22  2:08  Queen  
  24  2:19  Drone x2  
  27  2:22  Drone  
  27  2:23  Drone  
  28  2:31  Metabolic Boost  
  28  2:33  Drone x2  
  30  2:40  Queen  
  32  2:54  Overlord  
  32  2:58  Hatchery  
  31  3:13  Drone x5  
  36  3:29  Overlord x2  
  36  3:38  Roach Warren  
  35  3:51  Drone x4  
  35  3:52  Drone x3  
  35  3:54  Lair  
  42  3:58  Queen  
  42  4:02  Extractor, Drone  
  44  4:28  Zergling x4  
  44  4:29  Roach x4  
  54  4:31  Drone x2  
  54  4:32  Drone  
  54  4:33  Overlord  
  57  4:55  Roach x2  
  57  4:56  Roach x2  
  57  4:57  Overlord x3  
  65  5:12  Extractor  
  65  5:13  Extractor  
  63  5:14  Drone  
  63  5:15  Drone x2  
  63  5:21  Overlord  
  66  5:24  Glial Reconstitution  
  66  5:34  Overseer  
  68  5:42  Roach  
  68  5:43  Roach x5  
  74  6:03  Roach x3  
  74  6:04  Roach  
  81  6:35  Roach  
  81  6:36  Roach x7  
  97  6:40  Overlord x4  
  97  6:49  Evolution Chamber  
  97  6:50  Evolution Chamber, Drone x2  
  97  6:51  Extractor  
  97  7:01  Ravager x3  
  97  7:02  Ravager x2  
  97  7:05  Roach  
  97  7:06  Roach, Zergling x12  
  97  7:07  Zergling x2  
  112  7:09  Hatchery  
  111  7:22  Roach x5  
  121  7:31  Overlord x2  
  121  7:32  Overlord  
Show
View Real Time Build Order
Export as new Build Order

HoldTheDoor Protoss 

Build Orders:  

Get SALT Encoding   

  12  0:01  Probe  
  13  0:13  Probe  
  14  0:20  Pylon  
  14  0:25  Probe  
  15  0:38  Probe  
  15  0:40  Gateway  
  16  0:46  Probe  
  16  0:49  Assimilator  
  16  0:54  Probe  
  18  1:18  Gateway  
  18  1:23  Probe  
  19  1:31  Zealot  
  21  1:35  Probe  
  21  1:37  Cybernetics Core  
  22  1:41  Pylon  
  22  1:45  Assimilator  
  22  1:47  Probe  
  23  1:59  Probe  
  24  2:10  Warp Gate  
  24  2:11  Probe  
  24  2:14  Stalker, Pylon  
  24  2:15  Adept  
  29  2:23  Probe  
  30  2:35  Probe  
  30  2:36  Adept  
  31  2:45  Sentry  
  31  2:48  Probe  
  36  3:02  Nexus  
  36  3:04  Probe  
  37  3:10  Adept  
  39  3:20  Twilight Council  
  39  3:31  Pylon  
  39  3:37  Pylon  
  39  3:48  Robotics Facility  
  39  3:49  Probe  
  40  4:00  Resonating Glaives  
  40  4:01  Probe  
  41  4:14  Probe x2  
  43  4:24  Adept  
  43  4:26  Sentry  
  43  4:27  Pylon  
  43  4:30  Gateway  
  47  4:35  Warp Prism  
  49  4:44  Probe  
  51  4:45  Probe  
  51  4:49  Gateway  
  51  4:50  Sentry x2  
  55  4:56  Probe  
  55  4:57  Probe  
  57  5:09  Probe  
  57  5:10  Probe  
  57  5:11  Immortal  
  63  5:18  Adept x2  
  67  5:25  Gateway  
  67  5:28  Pylon  
  67  5:30  Pylon  
  67  5:37  Gateway  
  67  5:39  Probe  
  68  6:20  Warp Prism  
  60  6:49  Adept x3  
  60  6:51  Immortal  
  60  6:53  Adept x3  
  76  7:02  Pylon  
  76  7:05  Gateway  
  76  7:07  Gateway  
  76  7:15  Zealot x3  
  80  7:16  Zealot x3, Pylon  
  80  7:17  Pylon  
  80  7:20  Pylon  
  80  7:22  Pylon  
  88  7:37  Pylon  
  88  7:39  Pylon  
  88  7:47  Adept x2  
  88  7:48  Adept x4  
Tags
 
Add a new tag
Caveats
  • Supply blocks, unpowered buildings, or Contaminate may cause inaccurate times.
  • Supply counts are checked every 10 seconds.